AoeStats
← ᅚᅚᅚᅚ

Highland

504117363Analyzed
3v3 RM · 28d ago on Sep 4, 2026· 19m 29s· 6 players
Game mode
Random Map
Map size
Normal (6 player)
Population
200
Speed
Normal
Resources
Standard
Victory
Conquest
Starting age
Dark Age
Ending age
Imperial Age
RankedLock teamsTeams togetherTeam positionsShared explorationLock speedFull tech treeHidden civsTurbo modeCheats
Victory
Defeat
🇪🇸 Spanish · Spain
1303
+14
🇧🇷 Maya · Brazil
1241
+17
🇧🇷 Franks · Brazil
1116
+23
🇨🇱 Portuguese · Chile
1284
-19
🇷🇴 Wei · Romania
1262
-18
🇨🇱 Jurchens · Chile
1251
-17
mugur.andrei.gheorghe
10:21 Feudal Age
8:37 Loom
10:26 Feudal Age
11:10 Double-Bit Axe
11:09 Horse Collar
18:33 Bloodlines
Pelantaro
4:59 Loom
11:25 Feudal Age
15:36 Castle Age
15:24 Stone Mining
15:23 Double-Bit Axe
15:22 Horse Collar
16:31 Town Watch
ᅚᅚᅚᅚ
8:21 Loom
11:39 Feudal Age
12:46 Double-Bit Axe
15:33 Castle Age
14:25 Horse Collar
15:23 Gold Mining
16:50 Bow Saw
18:43 Fletching
firefighter25
4:09 Loom
10:30 Feudal Age
15:13 Castle Age
13:34 Double-Bit Axe
18:37 Padded Archer Armor
Naksu
4:02 Loom
10:28 Feudal Age
13:45 Forging
15:34 Scale Barding Armor
[KMNB] RAGNAR
0:39 Loom
9:59 Feudal Age
13:28 Double-Bit Axe
Connection lost

Rejoining the realm…

Still unreachable

The connection could not be restored.

Session expired

The server has moved on; the page needs a fresh start.